[Event "3rd Sharjah Challengers 2023"]
[Site "Sharjah"]
[Date "2023.05.20"]
[Round "4.9"]
[White "Hesham, Abdelrahman"]
[Black "Saeed, Ishaq"]
[Result "1-0"]
[ECO "D47"]
[WhiteElo "2409"]
[BlackElo "2303"]
[Annotator "TA"]
[PlyCount "105"]
[EventDate "2023.05.16"]
[EventType "swiss"]
[EventCountry "UAE"]
[SourceTitle "playchess.com"]
[Source "ChessBase"]
[SourceQuality "1"]
[TimeControl "5400+30"]

1. d4 d5 2. c4 c6 3. Nc3 Nf6 4. e3 e6 5. Nf3 Nbd7 6. Bd3 dxc4 7. Bxc4 b5 8. Bd3 Bb7 9. e4 b4 10. Na4 c5 11. e5 Nd5 12. O-O cxd4 13. Nxd4 $1 {[%emt 0:00:56][%mdl 4] is recently more successful than 13.Re1.} Be7 {[%emt 0:12:23] D47: Semi-Slav: Meran System.} 14. Re1 Qa5 (14... O-O {is interesting.} 15. Qg4 Re8 16. Bh6 Bf8) 15. Bb5 {[%emt 0:05:01] [#]} a6 $146 {[%emt 0:04:07] White is slightly better.} ({Predecessor:} 15... Rd8 16. Qg4 Kf8 17. Bg5 Bxg5 18. Qxg5 h6 19. Qg4 Nc7 20. Bxd7 Rxd7 21. b3 h5 {1-0 Ipek,E (2308)-Akbas,U (2417) Ayvalik Iris 2023 (7)}) 16. Bc6 (16. Bxd7+ $1 $14 Kxd7 17. b3) 16... Qc7 (16... Bxc6 $1 $11 17. Nxc6 Qb5) 17. Bxb7 Qxb7 18. Qg4 $1 Nf8 19. h4 $1 {[%emt 0:20:49] White is more active.} Qd7 {[%emt 0:09:06] [#]} 20. h5 $1 g6 (20... Qxa4 $2 21. Qxg7 b3 22. Nxb3 $18) 21. b3 gxh5 22. Qxh5 Ng6 23. Bh6 Rg8 {[%emt 0:01:59] Prevents Bg7.} 24. Rad1 (24. g3 $1 $16) 24... Qb7 {[%emt 0:10:27] And now ...Ngf4 would win.} (24... Ngf4 {keeps more tension.} 25. Bxf4 Nxf4 26. Qf3 Qd5) 25. Qg4 {[%emt 0:11:25][%cal Od4e6] Prevents Ngf4. Hoping for Nxe6!} O-O-O $2 {[%emt 0:15:57][%mdl 8192] [#] Black cannot hold the game after this.} (25... Nc3 $1 $14) 26. Nxe6 $1 $18 {[%emt 0:01:45][%mdl 576] Remove Defender} fxe6 {[%emt 0:01:34] [#]} 27. Rxd5 $1 {[%emt 0:00:15][%mdl 576] Pin} Kb8 28. Rxd8+ Rxd8 29. Qxe6 Nh4 30. f3 {[%emt 0:08:56] Rc1 is the strong threat.} Nxf3+ $2 (30... Qd7 31. Qxd7 Rxd7) 31. gxf3 Qxf3 32. Qb6+ (32. Qxe7 Rg8+ 33. Bg7 Qg3+ 34. Kf1 Qf3+ 35. Kg1 Qg3+ 36. Kf1 Qf3+ 37. Kg1 $11) 32... Ka8 {[%emt 0:00:02] ( -> ...Rg8+)} 33. Qxa6+ Kb8 34. Qb5+ Ka8 {[%emt 0:00:10] [#]} 35. Nb6+ $1 {[%emt 0:00:09] White mates.} Ka7 {[%emt 0:00:21] [#]} 36. Nc8+ $1 Rxc8 37. Be3+ (37. Qd7+ Kb8 38. Qxe7 Rg8+ 39. Bg7 Qg3+ 40. Kf1 Qf3+ 41. Kg1 Qg3+ 42. Kf1 Qf3+ 43. Kg1 $11) 37... Rc5 38. Bxc5+ Bxc5+ 39. Qxc5+ Ka6 40. Qd6+ ({Stronger than} 40. Qxb4 Qg3+ 41. Kf1 Qf3+ 42. Kg1 Qg3+ 43. Kh1 Qh3+ 44. Kg1 Qg3+ $11) 40... Ka5 41. Qd8+ Kb5 42. Qg5 h6 43. Qg2 (43. Qxh6 Qg3+ 44. Kh1 (44. Kf1 Qf3+ 45. Kg1 Qg3+ 46. Kh1 Qxe1+ 47. Kh2 Qxe5+ 48. Kh3 Qf5+ 49. Kg3 Qd3+ 50. Kg4 Qd4+ 51. Kf3 Qd5+ 52. Kf2 Qf5+ 53. Ke2 Qg4+ 54. Kf2 Qf5+ 55. Kg3 Qd3+ 56. Kh4 Qe4+ 57. Kg3 Qd3+ $11) 44... Qxe1+ 45. Kh2 Qxe5+ 46. Kh3 Qf5+ 47. Kh4 Qf2+ 48. Kg4 Qe2+ 49. Kg3 Qxa2 $11) 43... Qc3 44. Qe2+ Ka5 45. Qe3 Qc2 46. e6 Qg6+ 47. Kh2 Qh5+ 48. Qh3 Qd5 49. Re2 Qd1 50. Qf3 Qd6+ 51. Qg3 Qd1 52. Qe5+ Ka6 53. e7 {[%emt 0:00:12] Excellently played by Hesham!   Weighted Error Value: White=0.07 (flawless) /Black=0.50} 1-0

[Event "3rd Sharjah Challengers 2023"]
[Site "Sharjah"]
[Date "2023.05.21"]
[Round "5.1"]
[White "Ohanyan, Emin"]
[Black "Sivuk, Vitaly"]
[Result "1/2-1/2"]
[ECO "D66"]
[WhiteElo "2444"]
[BlackElo "2489"]
[Annotator "TA"]
[PlyCount "88"]
[EventDate "2023.05.16"]
[EventType "swiss"]
[EventCountry "UAE"]
[SourceTitle "playchess.com"]
[Source "ChessBase"]
[SourceQuality "1"]
[TimeControl "5400+30"]

1. d4 Nf6 2. c4 e6 3. Nf3 d5 4. Nc3 c6 5. Bg5 Nbd7 6. e3 Be7 7. Bd3 O-O 8. O-O h6 9. Bh4 dxc4 10. Bxc4 b5 11. Bd3 Bb7 $1 {[%emt 0:00:30] 11...Bb7 is better than 11...a6.} 12. Rc1 Rc8 13. Bb1 {[%emt 0:00:30] D66: Queen's Gambit Declined: Classical: Main Line (7 Rc1 c6 8 Bd3).} b4 14. Na4 c5 15. Bxf6 {[%emt 0:00:30] [#]} gxf6 $146 ({Predecessor:} 15... Nxf6 16. Nxc5 Bxc5 17. dxc5 Qa5 18. Nd4 Rxc5 19. Nb3 Rxc1 20. Nxa5 Rxd1 21. Rxd1 Ba8 {½-½ Hebden,M (2460)-Motwani,P (2455) BCF-ch Blackpool 1988}) 16. e4 Qa5 (16... Ba6 $11 17. Re1 cxd4) 17. d5 $1 $16 Rfd8 {[%emt 0:00:30] [#]} (17... Ne5 $142) 18. b3 (18. Nh4 $1 $16 c4 19. Qg4+ Kf8 20. dxe6 fxe6 21. Ng6+ Kf7 22. Nf4 (22. Nxe7 Ne5 $14)) 18... Qc7 $14 19. Nh4 (19. Nd2 $14 {should be considered.}) 19... Qf4 (19... f5 $1 $11 20. dxe6 {[%mdl 64] Discovered Attack} fxe6) 20. g3 $16 Qg5 21. f4 (21. Qe2 $16) 21... Qg7 $14 22. Qh5 {[%emt 0:00:30] [#] Inhibits f5.} ({Better is} 22. dxe6 $1 $14 fxe6 23. Qe2) 22... f5 $1 $15 {[%emt 0:00:30] Hoping for ...Nf6.} 23. dxe6 $1 fxe6 24. Ng6 {[%emt 0:00:30] aiming for Nxe7+.} Bd6 (24... Bxe4 $2 25. Nxe7+ Qxe7 26. Bxe4 (26. Qxh6 Bxb1 27. Rxb1 Nf6 $11) 26... fxe4 27. Qg6+ (27. Qxh6 Qf6 $16) 27... Qg7 28. Qxe6+ Kh8 29. Qxe4 $18) (24... Bf6 $1 $15 25. e5 (25. exf5 $2 Bd4+ 26. Rf2 exf5 $19) 25... Kh7) 25. e5 $36 {[%emt 0:00:30][%mdl 2048] White has the initiative.} Kh7 26. Rfd1 (26. Nh4 $5 Bc7 27. Rfd1 $16 (27. Nxc5 $2 Nxc5 28. Rfd1 Bb6 $19)) 26... Bb8 {[%emt 0:00:30] [#]} (26... Nf6 $1 $11 {remains equal.} 27. Qe2 (27. exf6 Qxg6 28. Qe2 Qxf6 $17) 27... Qxg6 28. Rxd6 Rxd6 29. exd6 Qe8) 27. Nh4 $1 $16 {[%emt 0:00:30] White is much more active.} Nxe5 $2 (27... Bc7 $16 {was necessary.} 28. Bd3 (28. Nxc5 $2 Nxc5 29. Kf1 Rxd1+ 30. Rxd1 Kh8 $19) 28... Kh8) 28. fxe5 (28. Rxd8 $142 Rxd8 29. Nxc5 (29. fxe5 Bxe5 30. Nxc5 Bxg3 $18)) 28... Bxe5 $18 29. Nf3 $2 {[%emt 0:00:30] [#]} ({Worse is} 29. Nxc5 Rxd1+ 30. Rxd1 Bd4+ 31. Rxd4 Qxd4+ 32. Kf1 Rxc5 $11) (29. Kf1 $18 Bd4 30. Nxc5 Bxc5 31. Rxd8 {[%mdl 64] Deflection} Rxd8 32. Rxc5) 29... Bxg3 $1 $11 {[%emt 0:00:30] A strong pair of Bishops.} 30. Ng5+ Qxg5 31. Qxg5 {[%emt 0:00:30] Intending Qe7+ and mate.} Bxh2+ 32. Kxh2 {[%emt 0:00:30] White wants to mate with Qe7+.} hxg5 33. Rxd8 Rxd8 34. Nxc5 (34. Re1 $5 ) 34... Rd2+ 35. Kg1 (35. Kh3 $11 Bg2+ 36. Kg3) 35... Bd5 $17 36. Bd3 Rg2+ ({Black should play} 36... a5 $17 37. Rc2 Rxc2 38. Bxc2 Kg6) 37. Kf1 $11 Rxa2 {[%emt 0:00:30] ...Rh2 would be deadly.} 38. Re1 Kg6 {[%emt 0:00:30] Threatens to win with ...Rh2.} (38... g4 $5 39. Nxe6 g3 $15) 39. Nxe6 Kf6 40. Nc7 Bxb3 {[%emt 0:00:30] White must now prevent ...Rd2.} 41. Rb1 Bc2 42. Nd5+ {[%emt 0:00:30] The position is equal.} Ke5 43. Bxc2 Rxc2 44. Nxb4 Rc4 {[%emt 0:00:30] An exciting game.   Weighted Error Value: White=0.40/Black=0.50} 1/2-1/2

[Event "3rd Sharjah Challengers 2023"]
[Site "Sharjah"]
[Date "2023.05.21"]
[Round "5.2"]
[White "Sibashvili, Giorgi"]
[Black "Nigmatov, Ortik"]
[Result "1/2-1/2"]
[ECO "A01"]
[WhiteElo "2408"]
[BlackElo "2438"]
[Annotator "TA"]
[PlyCount "107"]
[EventDate "2023.05.16"]
[EventType "swiss"]
[EventCountry "UAE"]
[SourceTitle "playchess.com"]
[Source "ChessBase"]
[SourceQuality "1"]
[TimeControl "5400+30"]

1. b3 e5 2. Bb2 Nc6 3. Nf3 d6 4. c4 f5 5. d4 e4 6. d5 {[%emt 0:01:08] A01: Nimzowitsch-Larsen Opening.} exf3 7. dxc6 bxc6 8. exf3 {[%emt 0:04:40] White is slightly better.} Nf6 9. Bd3 {[%emt 0:03:14] [#]} Qe7+ $146 ({Predecessor:} 9... Be7 10. O-O O-O 11. Qc2 g6 12. Nc3 Nh5 13. Rfe1 Nf4 14. Bf1 Bf6 15. c5 d5 {1-0 Topalov,A (2260)-Tabak,S (2139) Titled Tuesday intern op 13th Apr blitz 2021 (4)}) 10. Kd2 (10. Be2 $14) 10... Kf7 (10... g6 $11) 11. Re1 $36 {[%emt 0:06:25][%mdl 2048] White is more active.} Qd8 12. Kc2 d5 (12... g6 $1 $11 {keeps the balance.}) 13. Nc3 $16 d4 14. Na4 c5 15. Ba3 {[%emt 0:03:01] White has more active pieces. The black rooks are badly placed.} Qd6 (15... a5 $16 16. Nxc5 (16. Bxc5 Bxc5 17. Nxc5 Qd6 $11) 16... a4) 16. h3 $2 (16. Nxc5 Qc6 17. Re5 Bd6 $14) (16. Bxc5 $18 Qd7 17. Bxf8 Rxf8 18. Qd2) 16... Qh2 (16... Qc6 $14) 17. Rg1 (17. Bxc5 $6 Bxc5 18. Nxc5 Qxg2 $14) (17. Nxc5 Qxg2 18. Be2 (18. Qe2 Bd6 $11) 18... d3+ 19. Qxd3 Qxf2 $11) (17. Bf1 $1 $18) 17... a5 18. Qf1 {[%emt 0:04:29] Hoping for g3.} (18. Bxc5 $6 Bxc5 19. Nxc5 Qd6 $11) (18. Nxc5 g6 $16) 18... Qf4 19. Qc1 (19. Nxc5 $6 Nd7 20. Bc1 Qh4 $14) (19. Bxc5 $6 Bxc5 20. Nxc5 g6 $14) 19... Qh4 {[%emt 0:02:01] [#]} 20. Qd2 (20. Bxc5 $6 Qxf2+ 21. Qd2 Qxd2+ 22. Kxd2 Bxc5 23. Nxc5 Nd7 24. Nxd7 Bxd7 $11) 20... g6 21. Bxc5 (21. g3 $142 Qh6 22. Qxh6 (22. Bxc5 Qxd2+ 23. Kxd2 Bxc5 $14) 22... Bxh6 23. Bxc5 (23. Nxc5 Bf8 $14)) 21... Bh6 22. g3 $1 Qxh3 $2 {[%emt 0:00:06][%mdl 8192] [#]} (22... Bxd2 $16 {was necessary.} 23. gxh4 Bf4) 23. Qd1 $1 $18 Bg7 24. Bxd4 $2 (24. Re1 $18 {and the rest is easy.} Rd8 25. Re7+ (25. Qe2 Re8 $16) 25... Kg8 26. Qe2 (26. Rxc7 Qg2 $16)) 24... Bb7 $2 (24... Rd8 $16 {was worth a try.} 25. Bc3 (25. Rh1 Qg2 $16) 25... f4) 25. Nc5 (25. c5 $142 f4 26. Bc4+ (26. gxf4 Bxf3 27. Qd2 Be4 $14) 26... Bd5 27. Bxf6 (27. gxf4 $2 Bxc4 28. bxc4 Rhd8 $19) (27. Bxd5+ Nxd5 28. Bxg7 Qf5+ 29. Kb2 Kxg7 $16) 27... Bxc4 28. Bxg7 (28. bxc4 Qf5+ 29. Qd3 Qxd3+ 30. Kxd3 Bxf6 $15)) 25... Bc6 26. Qd2 Rad8 (26... Rhe8 $142) 27. Be5 $2 (27. Qe3 Rhe8 28. Qf4 Rxd4 29. Qxd4 Nd7 $17) (27. Bxf6 $18 Bxf6 28. Qxa5) 27... Bxf3 (27... Rhe8 $142 28. Rae1 (28. Bxc7 Rc8 $16) 28... Bxf3) 28. Qf4 {[%emt 0:01:49] The board is on fire.} ({Don't take} 28. Bxc7 Ne4 29. Qe3 (29. Qxa5 Qh2 $11) 29... Qg4 30. Bxd8 Rxd8 $16) (28. Bxf6 $16 Bxf6 29. Qf4) 28... Qg4 $11 29. Qxg4 fxg4 30. Rae1 (30. Rge1 $5 ) 30... Nd7 ({Better is} 30... Bf8 $1 $11 31. Na6 (31. Bxc7 $2 {too greedy.} Bxc5 32. Bxd8 Rxd8 $19) 31... c6) 31. Bxg7 $14 (31. Bxc7 $2 {loses.} Nxc5 32. Bxd8 Rxd8 $19) 31... Nxc5 32. Bxh8 Nxd3 33. Bc3 {[%emt 0:00:10] aiming for Re3.} (33. Be5 $5 ) 33... Nxe1+ 34. Rxe1 $11 {[%emt 0:00:03][%mdl 4096] Endgame KRB-KRB} a4 35. bxa4 (35. Bb4 $5 ) 35... Re8 36. Re5 Rxe5 37. Bxe5 $14 {[%emt 0:00:02] KB-KB} c5 38. Bd6 g5 {[%emt 0:00:57] The position is equal.} 39. Kd3 h5 40. Bxc5 h4 41. gxh4 gxh4 42. Bd6 Ke6 43. Bb8 Kd7 44. Kd4 Kc8 45. Bf4 Kb7 46. Kc5 Ka6 47. Bc7 Kb7 48. Be5 Ka6 49. Kb4 Bc6 50. a5 Bf3 51. Kc5 Kxa5 52. Kd6 Kb4 53. c5 Ka3 54. c6 {[%emt 0:00:15] White really could win this.   Weighted Error Value: White=0.36/Black=0.31} 1/2-1/2

[Event "3rd Sharjah Challengers 2023"]
[Site "Sharjah"]
[Date "2023.05.21"]
[Round "5.3"]
[White "Fawzy, Adham"]
[Black "Al Qudaimi, Basheer"]
[Result "1-0"]
[ECO "C73"]
[WhiteElo "2495"]
[BlackElo "2401"]
[Annotator "TA"]
[PlyCount "71"]
[EventDate "2023.05.16"]
[EventType "swiss"]
[EventCountry "UAE"]
[SourceTitle "playchess.com"]
[Source "ChessBase"]
[SourceQuality "1"]
[TimeControl "5400+30"]

1. e4 e5 2. Nf3 Nc6 3. Bb5 a6 4. Ba4 d6 5. Bxc6+ bxc6 6. d4 Nf6 7. O-O {[%emt 0:03:13] C73: Ruy Lopez: Deferred Steinitz: 5 Bxc6+.} Be7 8. dxe5 Nxe4 9. Re1 {[%emt 0:02:10] The position is equal.} d5 10. Nd4 Bc5 (10... Bd7 $11) 11. Be3 $1 $16 Bxd4 12. Qxd4 {[%emt 0:01:09] [#]} O-O $146 ({Predecessor:} 12... c5 13. Qa4+ Bd7 14. Qa5 d4 15. Bf4 Bc6 16. f3 g5 17. Bc1 f5 18. fxe4 Bxe4 19. Qxc5 {1-0 Shivdasani,V (2149)-Bas,U (1791) Afroasian-ch13 prel email 2010}) 13. f3 Ng5 {[%emt 0:00:32] [#] Black is weak on the dark squares} 14. Bxg5 $1 Qxg5 15. Nc3 Bf5 16. Re2 Rfe8 17. Rae1 Qg6 18. Na4 (18. Qd2 $16) 18... Bxc2 $11 19. Nc5 Bf5 20. g4 (20. Qc3 $5) 20... h5 21. h3 Bc8 22. Rg2 hxg4 (22... Qh6 $11 {keeps the balance.}) 23. hxg4 $16 Rb8 24. f4 a5 (24... Bxg4 25. Nxa6 (25. f5 Qxf5 26. Rxg4 Rxb2 $11) 25... c5 26. Nxc5 $14) 25. a3 {[%emt 0:00:40] Inhibits Rb4.} Rb5 (25... Bxg4 $5 26. f5 Qxf5 27. Rxg4 (27. e6 fxe6 28. Nd7 Rbd8 $11) 27... Rxb2 $11) 26. b4 (26. f5 $5 Qg5 $8 27. Re3 $11) 26... axb4 (26... Bxg4 27. f5 Qxf5 28. Rxg4 $18 (28. Qxg4 Qxg4 29. Rxg4 f6 $16)) 27. axb4 Kf8 $2 {[%emt 0:00:09] This costs Black the game.} ({Weaker is} 27... Bxg4 28. f5 Qxf5 29. Rxg4 $18) (27... Rb6 $14) 28. Rf1 {[%emt 0:02:46][%mdl 1024] White has strong compensation.} Ke7 (28... Bxg4 $2 29. f5 Qh6 30. Rxg4 $18) 29. f5 Qg5 {[%emt 0:01:01] [#]} 30. Rh2 {[%emt 0:00:34] Against Rh8. aiming for Rh5.} g6 {[%emt 0:08:26] [#] Dodges Rh5} (30... Kd8 31. Rh7 Rg8) 31. e6 $1 $18 {[%emt 0:01:20][%mdl 512] White threatens exf7 and mate.} Qf6 {[%emt 0:02:56] Repels exf7} 32. Qxf6+ {[%emt 0:01:22][%mdl 64] Remove Defender} Kxf6 {[%emt 0:00:01] [#]} 33. g5+ $1 Kg7 (33... Ke7 34. Rh7) 34. f6+ {[%emt 0:00:25] White mates.} Kg8 35. exf7+ {[%emt 0:00:13][%mdl 64] Deflection} Kxf7 36. Rh7+ {[%emt 0:00:02][%mdl 64] Skewer.   Weighted Error Value: White=0.08 (flawless) /Black=0.39} 1-0

[Event "3rd Sharjah Challengers 2023"]
[Site "Sharjah"]
[Date "2023.05.21"]
[Round "5.4"]
[White "Lim, Zhuo Ren"]
[Black "Rios, Cristhian Camilo"]
[Result "1/2-1/2"]
[ECO "E11"]
[WhiteElo "2294"]
[BlackElo "2469"]
[Annotator "TA"]
[PlyCount "43"]
[EventDate "2023.05.16"]
[EventType "swiss"]
[EventCountry "UAE"]
[SourceTitle "playchess.com"]
[Source "ChessBase"]
[SourceQuality "1"]
[TimeControl "5400+30"]

1. d4 Nf6 2. c4 e6 3. Nf3 d5 4. g3 Bb4+ 5. Bd2 Be7 6. Bg2 O-O 7. O-O c6 8. Qc2 Nbd7 9. Bf4 b6 {[%emt 0:00:30] E11: Bogo-Indian.} 10. Nbd2 Nh5 11. e3 $1 {[%emt 0:00:30][%mdl 4] is now more promising than 11.Be3.} (11. cxd5 {is more complex.} Nxf4 12. Qxc6 Nxe2+ 13. Kh1) 11... Bb7 {[%emt 0:00:30] The position is equal.} 12. cxd5 exd5 13. h4 c5 14. Nb1 {[%emt 0:00:30] [#]} Rc8 $146 ({Predecessor:} 14... b5 15. dxc5 Nxf4 16. exf4 Nxc5 17. Ng5 g6 18. Rd1 b4 19. Nd2 Qb6 20. Nb3 Rfd8 21. Nxc5 {½-½ Mishra,A (2549)-Balakrishnan,P (2510) Chesterfield SPICE Cup op 2022 (5)}) 15. Nc3 cxd4 16. Nxd4 Nxf4 17. exf4 Bb4 18. Rfd1 Bxc3 19. bxc3 Nf6 20. Qa4 a6 21. Qb3 Qc7 22. Rab1 {[%emt 0:00:30] Weighted Error Value: White=0.01 (flawless) /Black=0.04 (flawless)} 1/2-1/2

[Event "3rd Sharjah Challengers 2023"]
[Site "Sharjah"]
[Date "2023.05.21"]
[Round "5.5"]
[White "Mammadova, Gulnar"]
[Black "Hesham, Abdelrahman"]
[Result "0-1"]
[ECO "E97"]
[WhiteElo "2349"]
[BlackElo "2409"]
[Annotator "TA"]
[PlyCount "114"]
[EventDate "2023.05.16"]
[EventType "swiss"]
[EventCountry "UAE"]
[SourceTitle "playchess.com"]
[Source "ChessBase"]
[SourceQuality "1"]
[TimeControl "5400+30"]

1. c4 Nf6 2. Nf3 g6 3. Nc3 Bg7 4. e4 d6 5. d4 O-O 6. Be2 e5 7. O-O Nc6 8. d5 Ne7 9. b4 a5 10. bxa5 Rxa5 11. a4 Nh5 {[%emt 0:01:39] 11...Ne8 is a critical line. E97: King's Indian: Classical Main Line (6...e5 7 0-0 Nc6): 8 Be3 and 8 d5 Ne7, not 9 Ne1.} 12. Re1 Nf4 {[%emt 0:06:59] [#]} 13. Bxf4 $146 ({Predecessor:} 13. Bf1 h6 14. Ra3 f5 15. exf5 gxf5 16. Bxf4 exf4 17. Nd4 Ng6 18. Ne6 Bxe6 19. Rxe6 Qg5 20. Nb5 Rf7 21. Rh3 {1-0 Esipenko,A (2642)-Ismagambetov,A (2528) Wch Blitz Moscow 2019 (17)}) 13... exf4 {[%emt 0:06:53] The position is equal.} 14. Qd2 h6 15. Nb5 Ra8 16. Rac1 g5 17. Bd1 Ng6 (17... g4 $5 18. Nh4 Bf6 $11) 18. c5 g4 {[%emt 0:03:09] Strongly threatening ...dxc5.} 19. Nfd4 $1 Be5 20. Nf5 h5 21. cxd6 cxd6 22. Qb4 Bxf5 (22... f3 $5 23. g3 (23. Nbxd6 Bxf5 24. Nxf5 Qg5 $17) (23. gxf3 $2 Qg5 $19) 23... Bxf5 24. exf5 Nh4 $14) 23. exf5 Nh4 24. g3 fxg3 $1 ({Much weaker is} 24... Nxf5 25. gxf4 Bg7 26. Rc7 $11) 25. hxg3 {[%emt 0:00:31] Black must now prevent Rxe5.} Nxf5 26. Bc2 Ng7 27. Rxe5 dxe5 28. Qe4 {[%emt 0:00:20] This costs White the game.} ({Better is} 28. d6 $15) 28... f5 $19 29. Qxe5 Qg5 $1 {[%emt 0:02:41] Wards off d6} 30. Rd1 {[%emt 0:00:57] [#]} Rae8 $1 {[%emt 0:00:17] Repels d6} 31. Qf4 Qxf4 32. gxf4 Rd8 33. Bb3 Rf6 34. Rc1 (34. d6+ {was called for.} Kh7 35. d7) 34... Ne8 35. Nd4 Nd6 36. Re1 Kf7 37. a5 Rc8 {[%emt 0:00:14] Against Rc1} 38. a6 bxa6 39. Nc6 Kf8 40. Ra1 Nb7 41. Bc4 Nd8 42. Ne5 Ke7 {[%emt 0:02:38] Wards off Nd7} 43. Re1 Kd6 {[%emt 0:00:27] ...a5 would be deadly.} 44. Bxa6 Rc5 45. Bc4 Kc7 46. Ra1 Rb6 {[%emt 0:01:03] Hoping for ...Nb7.} 47. Ra7+ {[%emt 0:00:57] [#]} (47. Ra8 $142) 47... Nb7 $1 48. Ra8 $2 (48. Bd3 {is a better defense.}) 48... Rb4 49. Ba2 Ra5 50. d6+ Kxd6 51. Rxa5 Nxa5 {[%emt 0:00:04][%mdl 4096] Endgame KRN-KBN} 52. Bg8 Rxf4 53. Ng6 Rb4 {[%emt 0:00:21] aiming for ...Nc6.} 54. Kg2 Nc6 55. Nh4 Ke5 56. Bf7 Kf6 57. Be8 Ne5 {[%emt 0:00:17] Weighted Error Value: White=0.64/Black=0.06 (flawless)} 0-1

[Event "3rd Sharjah Challengers 2023"]
[Site "Sharjah"]
[Date "2023.05.21"]
[Round "5.6"]
[White "Vandenbussche, Thibaut"]
[Black "Bai, Adelard"]
[Result "1-0"]
[ECO "B12"]
[WhiteElo "2437"]
[BlackElo "2409"]
[Annotator "TA"]
[PlyCount "77"]
[EventDate "2023.05.16"]
[EventType "swiss"]
[EventCountry "UAE"]
[SourceTitle "playchess.com"]
[Source "ChessBase"]
[SourceQuality "1"]
[TimeControl "5400+30"]

1. e4 c6 2. d4 d5 3. e5 Bf5 4. Nc3 e6 5. g4 Bg6 6. Nge2 c5 7. h4 h5 8. Nf4 Bh7 9. Nxh5 Nc6 {[%emt 0:00:20] B12: Caro-Kann: Advance Variation.} 10. dxc5 Bxc5 {[%emt 0:00:20] White should prevent ...Qb6.} 11. Bg5 $1 {[%emt 0:03:23][%mdl 4] is more profitable than 11.Bb5 at the moment.} Qc7 {[%emt 0:00:07][%mdl 1024] Black has compensation. The position is equal.} 12. f4 Qb6 {[%emt 0:00:04] [#] ( -> ...Bf2+)} 13. Rh3 $146 (13. Nxg7+ $2 Kf8 14. Nxe6+ fxe6 $17) ({Predecessor:} 13. Be2 Bg6 14. Na4 Qa5+ 15. c3 Bf8 16. b4 Qc7 17. Bd3 Bxh5 18. gxh5 f6 19. Bg6+ {0-1 Wieczorek,O (2509)-Socko,B (2601) POL-ch 80th Warsaw 2023 (1.4)}) 13... Bf2+ (13... Qxb2 14. f5 (14. Nxg7+ Kf8 $14) 14... Bb4 15. Bd2 $16 (15. Nxg7+ Kf8 $11)) 14. Kd2 Kf8 (14... Qxb2 $2 15. Rb1 (15. Nxg7+ Kf8 $16) 15... Qa3 16. Rxb7 $18 (16. Nxg7+ Kf8 $16)) 15. Bd3 (15. Kc1 Be3+ 16. Kb1 Nb4 $15) 15... Bxd3 (15... Qxb2 16. Rb1 Qa3 17. Rxb7 Bxd3 18. Rxd3 $11) 16. Rxd3 Rc8 (16... Qxb2 17. Rb1 Qa3 18. Nxd5 (18. Rxb7 Qa6 $11) 18... Qxa2 19. Nc3 $16) 17. a3 (17. Ke2 $5 ) 17... Bd4 18. Kc1 f6 $1 19. exf6 gxf6 {[%emt 0:02:46] [#]} 20. Rxd4 Qxd4 {[%emt 0:01:00] [#]} (20... Rxh5 $1 $15 21. Rd3 Rh7) 21. Nxf6 $1 $14 Qxd1+ 22. Kxd1 Kg7 23. Nd7 $36 {[%emt 0:05:47][%mdl 2048] Nb5 would be deadly. White is really pushing.} Rc7 (23... Nh6 $142) 24. Nc5 $16 {[%emt 0:03:29] White is more active.} Nd4 (24... Nd8 $16) 25. Ne2 $1 $18 Rxc5 26. Nxd4 Kf7 27. Kd2 Nf6 28. Bxf6 Kxf6 {[%emt 0:00:01][%mdl 4096] Endgame KRR-KRN} 29. h5 ({Stronger than} 29. Re1 Rc4 30. Kd3 (30. Nxe6 Rxh4 31. g5+ Kf7 $11) (30. Rxe6+ $2 {is the wrong capture.} Kf7 $19) 30... Rxh4 $11) 29... e5 30. g5+ Kf7 31. fxe5 Rxh5 32. Rf1+ Kg8 33. e6 $1 {[%emt 0:01:44] Black must now prevent e7.} Rxg5 $2 {[%emt 0:12:29][%mdl 8192] [#] Loses the game.} (33... Rc8 $16) 34. e7 $1 Rg2+ 35. Kd1 (35. Ke1 $142 Rc8 36. Ne6 (36. Rf5 Re8 $17) 36... Rg4 37. Rf8+ Kh7 38. Rxc8 Re4+ 39. Kf2 Rxe6 40. e8=Q) 35... Rc8 {[%emt 0:00:06] [#]} 36. Ne6 $1 {[%emt 0:00:43] Intending Nd8 and mate.} Rgxc2 {[%emt 0:00:32] Hoping for ...Rc1+.} 37. Rf8+ {[%emt 0:00:27] White mates.} Kh7 38. Rxc8 Rxc8 39. Nd8 {[%emt 0:00:06] Weighted Error Value: White=0.11 (very precise) /Black=0.65} 1-0